AoeStats
← tarariketevi

Arabia

509709397Analyzed
2v2 RM · 3d ago on Sep 27, 2026· 50m 2s· 4 players
Game mode
Random Map
Map size
Medium (4 player)
Population
200
Speed
Normal
Resources
Standard
Victory
Conquest
Starting age
Dark Age
Ending age
Imperial Age
RankedLock teamsTeams togetherTeam positionsShared explorationLock speedFull tech treeHidden civsTurbo modeCheats
Victory
Defeat
🇪🇸 Cumans · Spain
1066
+14
🇪🇸 Inca · Spain
1052
+15
🇫🇮 Mongols · Finland
1036
-15
🇫🇮 Teutons · Finland
1013
-14
abcabc375
8:30 Feudal Age
9:03 Double-Bit Axe
9:17 Loom
15:26 Wheelbarrow
16:53 Horse Collar
20:30 Castle Age
18:26 Gold Mining
21:34 Bow Saw
22:08 Gold Shaft Mining
23:38 Fletching
23:49 Padded Archer Armor
23:55 Scale Barding Armor
24:00 Forging
26:46 Bodkin Arrow
27:23 Bloodlines
27:59 Heavy Plow
28:02 Squires
28:05 Husbandry
29:22 Chain Barding Armor
29:44 Iron Casting
31:41 Leather Archer Armor
32:28 Thumb Ring
37:06 Pikeman
41:12 Squires
41:17 Scale Mail Armor
RaulJohan
9:36 Feudal Age
10:12 Loom
10:20 Double-Bit Axe
11:40 Man-at-Arms
13:55 Horse Collar
23:17 Wheelbarrow
26:08 Castle Age
25:19 Gold Mining
27:23 Bow Saw
27:58 Forging
27:22 Pikeman
28:04 Squires
28:48 Heavy Plow
31:18 Scale Mail Armor
41:46 Chain Mail Armor
42:33 Elite Skirmisher
45:43 Iron Casting
45:09 Padded Archer Armor
46:27 Stone Mining
Xolasos
8:51 Loom
10:51 Feudal Age
12:28 Double-Bit Axe
12:31 Horse Collar
21:18 Castle Age
19:21 Fletching
21:07 Padded Archer Armor
21:24 Crossbowman
22:03 Bodkin Arrow
22:27 Bow Saw
23:38 Leather Archer Armor
27:06 Elite Skirmisher
27:56 Thumb Ring
30:31 Ballistics
34:01 Masonry
37:09 Imperial Age
35:18 Wheelbarrow
37:19 Arbalester
39:06 Chemistry
38:12 Bracer
38:45 Gold Mining
38:59 Heavy Plow
43:44 Hand Cart
46:25 Treadmill Crane
46:52 Siege Engineers
46:45 Murder Holes
tarariketevi
6:20 Loom
9:43 Feudal Age
10:42 Double-Bit Axe
13:34 Scale Barding Armor
13:40 Forging
18:12 Horse Collar
25:32 Castle Age
26:10 Wheelbarrow
26:17 Wheelbarrow
26:27 Bloodlines
26:39 Chain Barding Armor
26:54 Iron Casting
34:12 Hand Cart
37:50 Bow Saw
42:06 Imperial Age
43:20 Cavalier
44:39 Plate Barding Armor
45:05 Blast Furnace
43:59 Gold Mining
44:00 Stone Mining
44:44 Paladin
48:53 Gold Shaft Mining
Connection lost

Rejoining the realm…

Still unreachable

The connection could not be restored.

Session expired

The server has moved on; the page needs a fresh start.